 Dungeon Crawl Stone Soup version 0.30-a0-377-g5cb311bc9f (webtiles) character file.

Game seed: 5266140726945175475

44 Elric the Firebug (level 3, -6/26 HPs)
             Began as a Draconian Fire Elementalist on Nov 29, 2022.
             Mangled by a worm (8 damage)
             ... on level 2 of the Dungeon.
             The game lasted 00:01:27 (1624 turns).

Elric the Firebug (Draconian Fire Elementalist)     Turns: 1624, Time: 00:01:28

Health: -6/26      AC:  5    Str: 10    XL:     3   Next: 39%
Magic:  6/6        EV: 12    Int: 17    God:
Gold:   51         SH:  0    Dex: 11    Spells: 5/6 levels left

rFire   . . .      SeeInvis .    d - staff of cold
rCold   + . .      Faith    .    (no shield)
rNeg    . . .      Spirit   .    (body armour unavailable)
rPois   .          Reflect  .    (helmet restricted)
rElec   .          Harm     .    (no cloak)
rCorr   .          Rampage  .    (no gloves)
Will    .....                    (no boots)
Stlth   ++........               (no amulet)
HPRegen 0.24/turn                (no ring)
MPRegen 0.10/turn                (no ring)

@: no status effects
A: AC +5, unfitting armour, cold-blooded
a: no special abilities


You were on level 2 of the Dungeon.
You visited 1 branch of the dungeon, and saw 2 of its levels.

You collected 51 gold pieces.

Inventory:

Magical Staves
 d - a staff of cold (weapon)
Jewellery
 g - an amulet of regeneration
Scrolls
 b - a scroll of teleportation {unknown}
 c - a scroll of summoning {unknown}
 f - a scroll of identify {unknown}
 h - a scroll of noise {unknown}
Potions
 e - a potion of heal wounds {unknown}
 i - a potion of curing {unknown}


   Skills:
 + Level 0.1 Fighting
 - Level 2.1 Dodging
 - Level 2.2 Stealth
 + Level 2.3 Spellcasting
 + Level 1.6 Conjurations
 + Level 3.3 Fire Magic
 + Level 0.1 Ice Magic
 + Level 0.2 Evocations


You had 5 spell levels left.
You knew the following spells:

 Your Spells              Type           Power      Damage    Failure   Level
a - Foxfire               Conj/Fire      40%        2x1d6     7%          1

Your spell library contained the following spells:

 Spells                   Type           Power      Damage    Failure   Level
 Scorch                   Fire           26%        2d6       7%          2
 Sandblast                Erth           4%         2d4       19%         1
 Passwall                 Tmut/Erth      1%         N/A       28%         2
 Inner Flame              Hex/Fire       7%         N/A       28%         3
 Kindle Blastsparks       Fire/Tloc/Air  10%        2d10      34%         3
 Stone Arrow              Conj/Erth      8%         3d7       38%         3
 Flame Wave               Conj/Fire      10%        2d6       56%         4
 Airstrike                Air            1%         2d(1-17)  88%         4
 Summon Lightning Spire   Summ/Air       2%         N/A       88%         4
 Lightning Bolt           Conj/Air       2%         1d13      98%         5


Dungeon Overview and Level Annotations

Branches:
Dungeon (2/15)

Altars:

Shops:
D:2 (

Annotations:
D:2 Jessica


Innate Abilities, Weirdness & Mutations

Your plain brown scales are hard. (AC +5)
You cannot fit into any form of body armour.
You are cold-blooded and may be slowed by cold attacks.


Message History

The worm is lightly wounded.
Jessica mumbles some strange words.
Jessica blinks!
The worm closely misses you.
You completely miss the worm.
Your tail-slap misses the worm.
The worm is lightly wounded.
You barely miss the worm.
The worm is lightly wounded.
The worm barely misses you.
Jessica very coldly says, "I hate your company."
You hit the worm but do no damage. You tail-slap the worm.
The worm is moderately wounded.
Jessica casts a spell.
Jessica blinks!
The worm misses you.
You hit the worm.
You tail-slap the worm, but do no damage.
The worm is heavily wounded.
Jessica casts a spell at you.
You barely resist. The worm bites you! Magic courses through your body.
Jessica hits you with a +0 dagger. x2
* * * LOW HITPOINT WARNING * * *
Casting: Foxfire (safe; 7% risk of failure)
Confirm with . or Enter, or press ? or * to list all spells.
There is not enough space to conjure foxfire!
Casting: Foxfire (safe; 7% risk of failure)
Confirm with . or Enter, or press ? or * to list all spells.
There is not enough space to conjure foxfire!
Casting: Foxfire (safe; 7% risk of failure)
Confirm with . or Enter, or press ? or * to list all spells.
There is not enough space to conjure foxfire!
Unknown command.
You barely miss the worm.
The worm is heavily wounded.
Jessica closely misses you. The worm bites you.
* * * LOW HITPOINT WARNING * * *
Jessica hits you with a +0 dagger.
* * * LOW HITPOINT WARNING * * *
You hit the worm but do no damage.
The worm is moderately wounded.
Jessica closely misses you. The worm bites you!
You die...

########## ≈
#rw@@....# .≈≈
..)#.##.######.# ..≈≈
....).†.######.###..≈≈
##.#.##)#............≈
.. ............##..
#.. ...#.####.#...# #.
.#...>.........## .
#.#.##.####.#....## .
#. #.......#


You could see a worm, Jessica (fast) and a rat.

Vanquished Creatures
  2 dart slugs (D:2)
  5 ball pythons
  A bat (D:2)
  3 endoplasms
  3 giant cockroaches (D:1)
  7 goblins
  3 hobgoblins (D:1)
  2 quokkas (D:1)
  3 frilled lizards (D:1)
  4 kobolds
  3 rats (D:1)
36 creatures vanquished.

Vanquished Creatures (others)
  121 foxfires
121 creatures vanquished.

Grand Total: 157 creatures vanquished

Notes
Turn   | Place    | Note
-------+----------+-------------------------------------------
     0 | D:1      | Elric the Draconian Fire Elementalist began the quest for
                  | the Orb.
     0 | D:1      | Reached XP level 1. HP: 14/14 MP: 3/3
   224 | D:1      | Reached XP level 2. HP: 20/20 MP: 0/5
  1219 | D:2      | Reached XP level 3. HP: 26/26 MP: 3/6
  1260 | D:2      | Found Tynuguwk's Antique Weapon Boutique.
  1596 | D:2      | Noticed Jessica
  1624 | D:2      | Mangled by a worm

Illustrated notes

Levels and vault maps discovered:
D:1:      scummos_arrival_forest, layout_loops_cross,
          minmay_misc_feat_diagonals, chequers_serial_rivers_large_b,
          minmay_misc_feat_doors, ebering_dispersal_statue_hall,
          palyth_stone_intersect, minmay_pentomino_s2
D:2:      layout_loops_ring, serial_shops, nicolae_lakefront_shop,
          nicolae_shop_temple_entry_statues_fountains,
          nicolae_shop_bloodbath_and_beyond, uniq_jessica, uniq_sigmund

Skill      XL: |  1  2 |
---------------+-------+-----
Stealth        | 2 |  2.2
Dodging        | 2 |  2.1
Fighting       | |  0.1
Spellcasting   | |  2.3
Conjurations   | |  1.6
Fire Magic     | |  3.3
Ice Magic      | |  0.1
Evocations     | |  0.2

Action                   || total
-------------------------++-------
Melee: Unarmed           ||     8
       Tailslap          ||     5
       Staff             ||    29
       Punch             ||     1
 Cast: Foxfire           ||    78
  Use: Potion            ||     1
Armor: Skin              ||    14
Dodge: Dodged            ||    28

Table legend: (Time is in decaauts)
 A = Elapsed time spent in this place.
 B = Non-inter-level travel time spent in this place.
 C = Inter-level travel time spent in this place.
 D = Time resting spent in this place.
 E = Time spent auto-exploring this place.
 F = Levels seen in this place.
 G = Mean time per level.
                   A        B        C        D        E       F      G
               +--------+--------+--------+--------+--------+-----+--------+
         Total |   1657 |   1639 |     18 |      0 |   1363 |   2 |  828.5 |
       Dungeon |   1657 |   1639 |     18 |      0 |   1363 |   2 |  828.5 |
               +--------+--------+--------+--------+--------+-----+--------+

Top non-repeatable levels by time:
     D:1: 1244 daAuts
     D:2: 412 daAuts
